AoeStats
← Warningeye

Baltic

510502009Analyzed
2v2 RM · 1d ago on Oct 1, 2026· 35m 21s· 4 players
Game mode
Random Map
Map size
Medium (4 player)
Population
200
Speed
Normal
Resources
Standard
Victory
Conquest
Starting age
Dark Age
Ending age
Imperial Age
RankedLock teamsTeams togetherTeam positionsShared explorationLock speedFull tech treeHidden civsTurbo modeCheats
Victory
Defeat
🇬🇧 Vikings · United Kingdom
1113
+15
🇫🇷 Romans · France
1053
+17
🇦🇺 Ethiopians · Australia
1138
-18
🇦🇺 Franks · Australia
1023
-14
TintyJ
7:13 Loom
12:10 Feudal Age
18:06 Castle Age
16:25 Double-Bit Axe
16:38 Fletching
17:55 Padded Archer Armor
18:19 Crossbowman
19:04 Bodkin Arrow
20:23 Loom
29:56 Wheelbarrow
30:11 Leather Archer Armor
31:10 Thumb Ring
37:49 Imperial Age
IIIYason
7:23 Loom
10:12 Feudal Age
10:52 Double-Bit Axe
16:01 Scale Barding Armor
18:08 Gold Mining
21:56 Castle Age
20:43 Forging
21:15 Fletching
23:46 Wheelbarrow
23:35 Husbandry
25:04 Stone Mining
25:55 Bow Saw
groink
11:21 Feudal Age
12:18 Loom
13:35 Horse Collar
13:42 Double-Bit Axe
19:49 Castle Age
17:45 Gold Mining
18:06 Man-at-Arms
19:40 Scale Mail Armor
21:48 Bow Saw
21:59 Heavy Plow
21:46 Demolition Ship
22:09 Long Swordsman
23:11 Chain Mail Armor
22:50 Fishing Lines
24:38 Medium Warships
24:57 Pikeman
25:38 Squires
26:27 Gillnets
28:52 Forging
32:55 Wheelbarrow
34:12 Iron Casting
37:50 Imperial Age
Warningeye
8:31 Loom
10:45 Feudal Age
11:12 Double-Bit Axe
16:50 Castle Age
14:49 Fletching
15:44 Padded Archer Armor
15:46 Fishing Lines
18:46 Crossbowman
22:52 Man-at-Arms
22:55 Pikeman
24:02 Scale Mail Armor
27:12 Squires
27:46 Forging
29:06 Iron Casting
28:24 Horse Collar
29:12 Heavy Plow
29:05 Town Watch
30:39 Leather Archer Armor
29:48 Elite Skirmisher
34:13 Ballistics
34:08 Bodkin Arrow
34:15 Arson
Connection lost

Rejoining the realm…

Still unreachable

The connection could not be restored.

Session expired

The server has moved on; the page needs a fresh start.